 Dungeon Crawl Stone Soup version 0.28-a0-401-ge240ad9e29 (webtiles) character file.

Game seed: 14465747775335594647

275 mhtbhm the Slasher (level 6, -6/53 HPs)
             Began as a Minotaur Fighter on Sept 4, 2021.
             Mangled by Edmund (10 damage)
             ... on level 4 of the Dungeon.
             The game lasted 00:02:47 (3004 turns).

mhtbhm the Slasher (Minotaur Fighter)               Turns: 3004, Time: 00:02:48

Health: -6/53      AC:  8    Str: 22    XL:     6   Next: 3%
Magic:  5/5        EV: 10    Int:  5    God:
Gold:   186        SH:  4    Dex: 10    Spells: 5/5 levels left

rFire   . . .      SeeInvis .   a - +0 long sword
rCold   . . .      Faith    +   c - +0 buckler
rNeg    + . .      Spirit   .   b - +0 scale mail
rPois   +          Reflect  .   (helmet restricted)
rElec   .          Harm     .   o - +0 cloak
rCorr   .          Rampage  .   (no gloves)
Will    .....                   (no boots)
Stlth   ..........              i - amulet of faith
HPRegen 0.17/turn               g - ring of positive energy
MPRegen 0.09/turn               h - ring of poison resistance

@: mighty
A: horns 2, retaliatory headbutt
a: no special abilities


You were on level 4 of the Dungeon.
You visited 1 branch of the dungeon, and saw 4 of its levels.

You collected 186 gold pieces.

Inventory:

Hand Weapons
 a - a +0 long sword (weapon)
Armour
 b - a +0 scale mail (worn)
 c - a +0 buckler (worn)
 o - a +0 cloak (worn)
Jewellery
 g - a ring of positive energy (left hand)
 h - a ring of poison resistance (right hand)
 i - an amulet of faith (around neck)
Scrolls
 k - a scroll of silence {unknown}
 m - a scroll of teleportation {unknown}
Potions
 e - a potion of curing
 f - a potion of ambrosia
 j - a potion of heal wounds {unknown}
 l - a potion of attraction {unknown}
 n - a potion of berserk rage {unknown}
 p - a potion of lignification {unknown}
 q - a potion of flight {unknown}


   Skills:
 + Level 4.5 Fighting
 + Level 5.3 Long Blades
 + Level 5.2 Armour
 + Level 1.5 Dodging
 + Level 4.1 Shields


You had 5 spell levels left.
You didn't know any spells.
Your spell library was empty.

Dungeon Overview and Level Annotations

Branches:
Dungeon (4/15)
 Temple: D:4-7

Altars:
Vehumet

Annotations:
D:4 Edmund


Innate Abilities, Weirdness & Mutations

You have a pair of horns on your head.
You reflexively headbutt those who attack you in melee.


Message History

You are too injured to fight recklessly!
You are too injured to fight recklessly!
You are too injured to fight recklessly!
You are too injured to fight recklessly!
You are too injured to fight recklessly!
You are too injured to fight recklessly!
You are too injured to fight recklessly!
You are too injured to fight recklessly!
Okay, then.
You aren't carrying any items that you can evoke.
Unknown command.
Okay, then.
You feel better.
Edmund hits you with a +4 flail of protection!
You feel very mighty all of a sudden. Edmund closely misses you.
Edmund hits you with a +4 flail of protection!
* * * LOW HITPOINT WARNING * * *
Unknown command.
You feel better.
Edmund hits you with a +4 flail of protection.
You closely miss Edmund.
Edmund is moderately wounded.
Edmund closely misses you.
Edmund hits you with a +4 flail of protection!
* * * LOW HITPOINT WARNING * * *
You hit Edmund.
Edmund is moderately wounded.
Edmund hits you with a +4 flail of protection.
* * * LOW HITPOINT WARNING * * *
Edmund barely misses you.
You closely miss Edmund. You headbutt Edmund!
Edmund is heavily wounded.
Edmund misses you.
You hit Edmund but do no damage.
Edmund is heavily wounded.
Edmund hits you with a +4 flail of protection.
* * * LOW HITPOINT WARNING * * *
Edmund hits you with a +4 flail of protection!
You die...

#### ### #... #)#
#######
####.#.#####.#####......
....$....).......#......
....................>...
#.....@###.......##....
......@.# #.##.##.##.###
........# #.##..........
........###.##.##..#.###
...............##..#.###
####|............)......
##..........####..##.
#..........####..##.
#........#.......


You could see Edmund (fast).

Vanquished Creatures
  2 scorpions (D:4)
  Ijyb (D:4)
  A hound skeleton (D:3)
  6 adders
  A worm (D:3)
  A dart slug (D:4)
  4 ball pythons
  14 endoplasms
  4 giant cockroaches
  2 hobgoblins
  2 quokkas (D:1)
  8 bats
  4 frilled lizards
  7 goblins
  5 kobolds
  4 rats
66 creatures vanquished.

Notes
Turn   | Place    | Note
-------+----------+-------------------------------------------
     0 | D:1      | mhtbhm the Minotaur Fighter began the quest for the Orb.
     0 | D:1      | Reached XP level 1. HP: 19/19 MP: 0/0
   249 | D:1      | Reached XP level 2. HP: 26/27 MP: 1/1
   920 | D:2      | Reached XP level 3. HP: 6/33 MP: 2/2
  1994 | D:3      | Reached XP level 4. HP: 40/40 MP: 3/3
  2078 | D:3      | Found a radiant altar of Vehumet.
  2631 | D:3      | You fall into a shaft and drop 1 floor!
  2645 | D:4      | Noticed a scorpion
  2650 | D:4      | Killed a scorpion
  2651 | D:4      | Reached skill level 5 in Armour
  2651 | D:4      | Reached skill level 1 in Dodging
  2651 | D:4      | Reached XP level 5. HP: 43/47 MP: 4/4
  2775 | D:4      | Reached skill level 5 in Long Blades
  2975 | D:4      | Noticed Ijyb
  2985 | D:4      | Killed Ijyb
  2986 | D:4      | Reached XP level 6. HP: 49/53 MP: 5/5
  2988 | D:4      | Noticed Edmund
  3004 | D:4      | Mangled by Edmund

Illustrated notes

Levels and vault maps discovered:
D:1:      dpeg_arrival_shelter, layout_loops_ring, grunt_decor_mini_mirrors,
          minivault_4
D:2:      layout_basic, minmay_pentomino_x2
D:3:      layout_loops_ring, vehumet_crystals
D:4:      layout_basic, uniq_ijyb, uniq_edmund

Skill      XL: |  1  2  3  4  5 |
---------------+----------------+-----
Fighting       | 4 |  4.5
Shields        | 4 |  4.1
Armour         | 4 5 |  5.2
Long Blades    | 3 4 5 |  5.3
Dodging        | 1 |  1.5

Action                   |  1- 3 |  4- 6 || total
-------------------------+-------+-------++-------
Melee: Long sword        |    91 |    67 ||   158
       Headbutt          |     8 |    10 ||    18
  Use: Scroll            |     6 |       ||     6
       Potion            |       |     3 ||     3
Armor: Scale mail        |    50 |    24 ||    74
Dodge: Dodged            |    38 |    28 ||    66
Block: Buckler           |    21 |     7 ||    28

Table legend: (Time is in decaauts)
 A = Elapsed time spent in this place.
 B = Non-inter-level travel time spent in this place.
 C = Inter-level travel time spent in this place.
 D = Time resting spent in this place.
 E = Time spent auto-exploring this place.
 F = Levels seen in this place.
 G = Mean time per level.
                   A        B        C        D        E       F      G
               +--------+--------+--------+--------+--------+-----+--------+
         Total |   3039 |   3039 |      0 |    230 |   2290 |   4 |  759.8 |
       Dungeon |   3039 |   3039 |      0 |    230 |   2290 |   4 |  759.8 |
               +--------+--------+--------+--------+--------+-----+--------+

Top non-repeatable levels by time:
     D:2: 1136 daAuts
     D:3: 784 daAuts
     D:1: 739 daAuts
     D:4: 379 daAuts
